 Dungeon Crawl Stone Soup version 0.32-a0-931-g5a2cda0630 (webtiles) character file.

Game seed: 7510303451370016862

109 bananaken the Cudgeller (level 4, 0/45 HPs)
             Began as a Troll Monk on Apr 14, 2024.
             Slain by a gnoll
             ... wielding a +2 flail of protection
              (4 damage)
             ... on level 3 of the Dungeon.
             The game lasted 00:02:58 (1782 turns).

bananaken the Cudgeller (Troll Monk)                Turns: 1782, Time: 00:02:59

Health: 0/45       AC:  4    Str: 21    XL:     4   Next: 60%
Magic:  3/3        EV:  9    Int:  6    God:
Gold:   146        SH:  0    Dex: 12    Spells: 3/3 levels left

rFire   . . .        n - +1 whip (freeze)
rCold   . . .        d - orb {light}
rNeg    . . .        o - +0 robe {Will+}
rPois   .            (helmet restricted)
rElec   .            (no cloak)
rCorr   .            (gloves unavailable)
SInv    .            (boots unavailable)
Will    +....        (no amulet)
Stlth   +            (no ring)
HPRegen 1.07/turn    (no ring)
MPRegen 0.08/turn

%: no passive effects
@: glowing
A: large, unfitting armour, claws 3, regeneration 1, shaggy fur 1, tough skin 1
a: no special abilities


You were on level 3 of the Dungeon.
You visited 1 branch of the dungeon, and saw 3 of its levels.

You collected 146 gold pieces.

Inventory:

Hand Weapons
 a - a +0 mace
 n - a +1 whip of freezing (weapon)
Armour
 d - an orb of light (worn)
 o - a +0 robe of willpower (worn)
Jewellery
 f - a ring of fire
Scrolls
 b - a scroll of vulnerability {unknown}
 e - 6 scrolls of identify {unknown}
 g - 2 scrolls of enchant armour {unknown}
 h - a scroll of enchant weapon {unknown}
 m - a scroll of acquirement {unknown}
Potions
 c - a potion of ambrosia
 i - a potion of mutation {unknown}
 k - a potion of might {unknown}
 l - a potion of lignification {unknown}


   Skills:
 + Level 3.0 Fighting
 * Level 4.0 Maces & Flails
 + Level 3.0 Dodging


You had 3 spell levels left.
You didn't know any spells.
Your spell library contained the following spells:

 Spells                   Type           Power      Damage    Failure   Level
 Freeze                   Ice            0%         1d3       45%         1
 Kiss of Death            Conj/Necr      0%         2d5       45%         1
 Confusing Touch          Hex            0%         N/A       83%         3
 Frozen Ramparts          Ice            0%         1d1       83%         3
 Hailstorm                Conj/Ice       0%         3d5       83%         3
 Dispel Undead            Necr           0%         3d6       99%         4


Dungeon Overview and Level Annotations

Branches:
Dungeon (3/15)

Altars:
Yredelemnul


Innate Abilities, Weirdness & Mutations

You are too large for most types of armour.
You have claws for hands.
Your natural rate of healing is unusually fast.
You are covered in fur. (AC +1)
You have tough skin. (AC +1)


Message History

The gnoll hits you from afar with a +0 spear.
* * * LOW HITPOINT WARNING * * *
Unknown command.
It was a potion of curing.
You feel better. The gnoll barely misses you.
The gnoll hits you from afar with a +0 spear.
* * * LOW HITPOINT WARNING * * *
Unknown command.
The gnoll hits you but does no damage.
Unknown command.
You aren't carrying any items that you can evoke.
The gnoll attacks as it pursues you!
The gnoll hits you with a +2 flail of protection.
The gnoll attacks as it pursues you! The gnoll closely misses you.
The gnoll hits you with a +2 flail of protection.
The gnoll attacks as it pursues you!
The gnoll hits you from afar with a +0 spear!
* * * LOW HITPOINT WARNING * * *
The gnoll attacks as it pursues you! The gnoll hits you but does no damage.
The gnoll attacks as it pursues you!
The gnoll hits you from afar with a +0 spear.
The gnoll attacks as it pursues you!
The gnoll hits you from afar with a +0 spear!
* * * LOW HITPOINT WARNING * * *
The gnoll attacks as it pursues you!
The gnoll hits you with a +2 flail of protection.
* * * LOW HITPOINT WARNING * * *
The gnoll attacks as it pursues you!
The gnoll hits you from afar with a +0 spear.
* * * LOW HITPOINT WARNING * * *
You feel better.
The gnoll hits you from afar with a +0 spear.
* * * LOW HITPOINT WARNING * * *
Unknown command.
The gnoll hits you with a +2 flail of protection!
* * * LOW HITPOINT WARNING * * *
Unknown command.
There is a stone staircase leading up here.
Unknown command.
The gnoll hits you with a +2 flail of protection.
You die...

# # . . #. .#.. #.### #....
#...## .....#
##..#####.....#
####..@.......#
######....g#....####..
######........g............#
.<.....##........g.##.......
########...........#..####..
#..............##
....#>...........#
.....#.........#.##
..####.........#.#


You could see 3 gnolls.

Vanquished Creatures
  An orc wizard (D:2)
  2 adders (D:2)
  3 ribbon worms (D:2)
  4 orcs (D:2)
  5 endoplasms
  A giant cockroach (D:2)
  3 goblins (D:2)
  8 hobgoblins
  3 jackals (D:2)
  2 quokkas (D:1)
  4 ball pythons
  4 bats
  4 frilled lizards
  3 kobolds (D:2)
  5 rats
52 creatures vanquished.

Notes
Turn   | Place    | Note
-------+----------+-------------------------------------------
     0 | D:1      | bananaken the Troll Monk began the quest for the Orb.
     0 | D:1      | Reached XP level 1. HP: 22/22 MP: 0/0
   240 | D:1      | Reached skill level 3 in Maces & Flails
   258 | D:1      | Reached XP level 2. HP: 29/29 MP: 1/1
   986 | D:2      | Reached XP level 3. HP: 36/36 MP: 2/2
  1145 | D:2      | Found a basalt altar of Yredelemnul.
  1173 | D:2      | Reached XP level 4. HP: 28/44 MP: 3/3
  1492 | D:2      | Reached skill level 4 in Maces & Flails
  1778 | D:3      | HP: 2/45 [gnoll/+0 spear (1)]
  1782 | D:3      | Slain by a gnoll

Illustrated notes

Levels and vault maps discovered:
D:1:      minmay_arrival_plants_in_alcoves, layout_loops_corners
D:2:      minmay_alternating_diamond, layout_basic, basic_altar, minivault_11
D:3:      layout_rooms, mainiacjoe_overflow_tiny_flanked

Skill      XL: |  1  2  3  4 |
---------------+-------------+-----
Maces & Flails | 3 4 |  4.0
Dodging        | 3 |  3.0
Fighting       | 3 |  3.0

Action                     |  1- 3 |  4- 6 || total
---------------------------+-------+-------++-------
  Melee: Mace              |   110 |    10 ||   120
         Whip              |       |    31 ||    31
    Use: Potion            |       |     2 ||     2
 Armour: Robe              |    80 |    46 ||   126
  Dodge: Dodged            |    64 |    18 ||    82

Table legend: (Time is in decaauts)
 A = Elapsed time spent in this place.
 B = Non-inter-level travel time spent in this place.
 C = Inter-level travel time spent in this place.
 D = Time resting spent in this place.
 E = Time spent auto-exploring this place.
 F = Levels seen in this place.
 G = Mean time per level.
                   A        B        C        D        E       F      G
               +--------+--------+--------+--------+--------+-----+--------+
         Total |   1807 |   1778 |     29 |     14 |   1395 |   3 |  602.3 |
       Dungeon |   1807 |   1778 |     29 |     14 |   1395 |   3 |  602.3 |
               +--------+--------+--------+--------+--------+-----+--------+

Top non-repeatable levels by time:
     D:2: 878 daAuts
     D:1: 831 daAuts
     D:3: 97 daAuts
